 Dungeon Crawl Stone Soup version 0.18-a0-1035-g72c9994 (webtiles) character file.

347 George the Carver (level 6, 0/51 HPs)
             Began as a Minotaur Fighter on Jan 9, 2016.
             Killed from afar by Edmund (9 damage)
             ... with a wand of frost
             ... on level 4 of the Dungeon.
             The game lasted 00:05:21 (2894 turns).

George the Carver (Minotaur Fighter)                Turns: 2894, Time: 00:05:21

Health: 0/51       AC:  8    Str: 22    XL:     6   Next: 33%
Magic:  5/5        EV:  9    Int:  5    God:
Gold:   154        SH:  0    Dex: 10    Spells: 0 memorised, 5 levels left

rFire  + . .     SeeInvis .     q - +0 great sword
rCold  . . .     Gourm    .     b - +0 scale mail
rNeg   . . .     Faith    .     (shield currently unavailable)
rPois  .         Spirit   .     (helmet restricted)
rElec  .         Dismiss  .     (no cloak)
rCorr  .         Reflect  .     n - +0 pair of gloves
SustAt .         Harm     .     (no boots)
MR     .....                    (no amulet)
Stlth  ..........               (no ring)
                                A - ring of protection from fire

@: not resistant to hostile enchantments, extremely unstealthy
A: retaliatory headbutt, horns 2
a: no special abilities


You were on level 4 of the Dungeon.
You were hungry.

You visited 1 branch of the dungeon, and saw 4 of its levels.

You collected 154 gold pieces.

Inventory:

Hand Weapons
 a - a +0 long sword
 q - a +0 great sword (weapon)
Armour
 b - a +0 scale mail (worn)
 c - a +0 shield
 n - a +0 pair of gloves (worn)
Jewellery
 A - a ring of protection from fire (left hand)
Wands
 o - a wand of frost (33/48)
Scrolls
 p - a scroll of remove curse
 s - 2 scrolls of magic mapping
Potions
 d - a potion of might
 j - a potion of agility
 r - a potion of invisibility
 u - 2 potions of curing
 v - a potion of cure mutation {unknown}
 x - 2 potions of ambrosia {unknown}
 B - 2 potions of berserk rage {unknown}
Comestibles
 f - 5 bread rations
 m - a meat ration
 t - 5 fruits


   Skills:
 - Level 3.6 Fighting
 + Level 8.2 Long Blades
 - Level 3.6 Armour
 - Level 3.6 Shields


You had 5 spell levels left.
You didn't know any spells.

Dungeon Overview and Level Annotations

Branches:
Dungeon (4/15)
 Temple: D:4-7

Altars:
Cheibriados
Elyvilon
Fedhas
Makhleb

Annotations:
D:4 Edmund, Sigmund


Innate Abilities, Weirdness & Mutations

You reflexively headbutt those who attack you in melee.
You have a pair of horns on your head.


Message History

Your scale mail prevents you from hitting Edmund.
You headbutt Edmund, but do no damage.
Edmund is severely wounded.
You feel sick. Edmund closely misses you. You furiously retaliate!
You headbutt Edmund.
You are feeling hungry.
You barely miss Edmund.
Edmund is severely wounded.
Edmund misses you.
You barely miss Edmund. You headbutt Edmund.
Edmund is almost dead.
You feel sick. Edmund hits you but does no damage.
You barely miss Edmund. Your headbutt misses Edmund.
Edmund is almost dead.
Edmund zaps a wand.
The puff of frost hits you!
* * * LOW HITPOINT WARNING * * *
Drink which item? (? for menu, Esc to quit)
It was a potion of curing.
You feel better.
Edmund zaps a wand.
The puff of frost hits you!
You die...

#.).# #..<......
#.#.# ##########
#### #.#.## ...
#.#..##
#.##.##..##
#####.........#
..........######
########..######
##.@@...#
#?.####......
..........#
###..
#####.....#
##....# ######


You could see Edmund.

Vanquished Creatures
  A phantom (D:4)
  A jelly (D:3)
  Natasha (twice) (D:3)
  Ijyb (D:3)
  A worker ant (D:4)
  7 adders
  5 worms
  An orc (D:3)
  6 bats
  2 giant cockroaches
  5 goblins
  7 hobgoblins
  4 jackals
  6 kobolds
  2 giant newts (D:2)
  9 rats
60 creatures vanquished.

Notes
Turn   | Place    | Note
--------------------------------------------------------------
     0 | D:1      | George the Minotaur Fighter began the quest for the Orb.
     0 | D:1      | Reached XP level 1. HP: 19/19 MP: 0/0
   274 | D:1      | Reached XP level 2. HP: 21/26 MP: 1/1
   613 | D:2      | Found a snail-covered altar of Cheibriados.
   656 | D:2      | Found a blossoming altar of Fedhas.
   865 | D:2      | Reached skill level 4 in Long Blades
   979 | D:2      | Reached XP level 3. HP: 29/31 MP: 2/2
  1458 | D:3      | Reached skill level 5 in Long Blades
  1536 | D:3      | Reached XP level 4. HP: 39/39 MP: 3/3
  1642 | D:3      | Reached skill level 6 in Long Blades
  1722 | D:3      | Reached XP level 5. HP: 45/45 MP: 4/4
  1766 | D:3      | Noticed Ijyb
  1770 | D:3      | Killed Ijyb
  1858 | D:3      | Found a white marble altar of Elyvilon.
  1864 | D:3      | Noticed Natasha
  1869 | D:3      | Killed Natasha
  1869 | D:3      | Reached skill level 7 in Long Blades
  1885 | D:3      | Noticed Natasha
  1888 | D:3      | Killed Natasha
  2325 | D:3      | Found a burning altar of Makhleb.
  2399 | D:4      | Noticed Sigmund
  2663 | D:4      | Noticed a phantom
  2696 | D:4      | Killed a phantom
  2696 | D:4      | Reached skill level 8 in Long Blades
  2696 | D:4      | Reached XP level 6. HP: 20/51 MP: 5/5
  2878 | D:4      | Noticed Edmund
  2894 | D:4      | Killed from afar by Edmund

Vault maps used:
D:1:      elethiomel_arrival_fortress_basement
D:2:      cheibriados_altar_1, nicolae_overflow_crystal_walls, serial_glass,
          glass_columns_b, glass_columns_a
D:3:      lemuel_coloured_pillars_altar, elyvilon_altar_1, serial_glass,
          glass_columns_b, glass_columns_c, first_bread, uniq_iyjb, uniq_natasha
D:4:      tgw_trog, uniq_eustachio, uniq_edmund, uniq_pikel, uniq_sigmund

Action                   |  1- 3 |  4- 6 || total
-------------------------+-------+-------++-------
Melee: Long sword        |    38 |       ||    38
       Great sword       |    61 |    91 ||   152
  Use: Scroll            |     5 |     2 ||     7
       Potion            |       |     1 ||     1
  Eat: Chunk             |     2 |     4 ||     6
